 Dungeon Crawl Stone Soup version 0.27-a0-1147-gb3d8e82157 (webtiles) character file.

Game seed: 12209989382460908652

12 kae the Skirmisher (level 2, 21/24 HPs)
             Began as a Demonspawn Fighter on May 11, 2021.
             Quit the game on level 1 of the Dungeon.
             The game lasted 00:00:13 (594 turns).

kae the Skirmisher (Demonspawn Fighter)              Turns: 594, Time: 00:00:13

Health: 21/24      AC:  6    Str: 16    XL:     2   Next: 20%
Magic:  2/2        EV:  6    Int:  9    God:
Gold:   20         SH:  8    Dex: 12    Spells: 1/1 levels left

rFire    . . .     SeeInvis .   a - +0 long sword
rCold    . . .     Faith    .   c - +0 kite shield
rNeg     . . .     Spirit   .   b - +0 scale mail
rPois    .         Reflect  .   (helmet restricted)
rElec    .         Harm     .   (no cloak)
rCorr    .         Rampage  .   (no gloves)
Will     .....                  (no boots)
Stlth    ..........             (no amulet)
HPRegen  0.08/turn              (no ring)
MPRegen  0.08/turn              (no ring)

@: no status effects
A: antennae 1
a: no special abilities


You were on level 1 of the Dungeon.
You visited 1 branch of the dungeon, and saw 1 of its levels.

You collected 20 gold pieces.

Inventory:

Hand Weapons
 a - a +0 long sword (weapon)
Armour
 b - a +0 scale mail (worn)
 c - a +0 kite shield (worn)
Potions
 d - 2 potions of might


   Skills:
 + Level 3.2 Fighting
 * Level 2.4 Long Blades
 - Level 2.6 Armour
 - Level 2.6 Shields


You had one spell level left.
You didn't know any spells.
Your spell library was empty.

Dungeon Overview and Level Annotations

Branches:
Dungeon (1/15)

Altars:


Innate Abilities, Weirdness & Mutations

You have a pair of small antennae on your head.


Message History

An endoplasm comes into view.
The endoplasm quivers.
There is a stone staircase leading down here.
There is an open door here.
You barely miss the endoplasm.
The endoplasm hits you but does no damage.
An endoplasm is nearby!
An endoplasm is nearby!
You slash the endoplasm!
You kill the endoplasm!
No target in view!
Key pressed, stopping explore.
No target in view!
No target in view!
Key pressed, stopping explore.
No target in view!
No target in view!
An endoplasm comes into view.
The endoplasm quivers.
An endoplasm comes into view.
The endoplasm quivers.
The endoplasm hits you but does no damage.
The endoplasm jiggles.
You hit the endoplasm but do no damage. The endoplasm freezes you.
You are frozen.
You block the endoplasm's attack.
Are you sure you want to abandon this character and quit the game? (Confirm with "yes".)
Okay, then.
Unknown command.
The endoplasm hits you but does no damage.
The endoplasm barely misses you.
Unknown command.
Unknown command.
Unknown command.
Unknown command.
Unknown command.
Saving game... please wait.
Welcome back, kae the Demonspawn Fighter.
Press ? for a list of commands and other information.
Are you sure you want to abandon this character and quit the game? (Confirm with "yes".)

#.# #.# #######.#
#######
#....^..####
.......
#.#####....#
.......
#.##.#####.......
#.#..............
#.#......JJ......
#.#......@###
#.#.......#
#.............
###....$..####
######.## ..# ###


You could see 2 endoplasms.

Vanquished Creatures
  An endoplasm (D:1)
  A giant cockroach (D:1)
  A hobgoblin (D:1)
  3 ball pythons (D:1)
  2 bats (D:1)
  3 frilled lizards (D:1)
  2 goblins (D:1)
13 creatures vanquished.

Notes
Turn   | Place    | Note
-------+----------+-------------------------------------------
     0 | D:1      | kae the Demonspawn Fighter began the quest for the Orb.
     0 | D:1      | Reached XP level 1. HP: 18/18 MP: 1/1
   180 | D:1      | Found a faded altar of an unknown god.
   489 | D:1      | Gained mutation: You have a pair of small antennae on your
                  | head. [demonic ancestry]
   489 | D:1      | Reached XP level 2. HP: 23/24 MP: 2/2
   594 | D:1      | Quit the game

Illustrated notes

Levels and vault maps discovered:
D:1:      dpeg_arrival_shrine, layout_basic, serial_shops, nicolae_shop_stone,
          shapermc_ecumenical_altar_flowoftime

Skill      XL: |  1 |
---------------+----+-----
Long Blades    | 2 |  2.4
Fighting       | |  3.2
Armour         | |  2.6
Shields        | |  2.6

Action                   || total
-------------------------++-------
Melee: Long sword        ||    36
Armor: Scale mail        ||    26
Dodge: Dodged            ||     8
Block: Kite shield       ||    19
       Rpst.: Long sword ||     3

Table legend: (Time is in decaauts)
 A = Elapsed time spent in this place.
 B = Non-inter-level travel time spent in this place.
 C = Inter-level travel time spent in this place.
 D = Time resting spent in this place.
 E = Time spent auto-exploring this place.
 F = Levels seen in this place.
 G = Mean time per level.
                   A        B        C        D        E       F      G
               +--------+--------+--------+--------+--------+-----+--------+
         Total |    614 |    614 |      0 |      0 |    521 |   1 |  614.0 |
       Dungeon |    614 |    614 |      0 |      0 |    521 |   1 |  614.0 |
               +--------+--------+--------+--------+--------+-----+--------+

Top non-repeatable levels by time:
     D:1: 614 daAuts
